 Dungeon Crawl Stone Soup version 0.30-a0-989-g0d87f670db (webtiles) character file.

Game seed: 10385357607124730689

123 Newt the Trooper (level 4, -1/37 HPs)
             Began as a Demonspawn Gladiator on Apr 3, 2023.
             Slain by an endoplasm (3 damage)
             ... on level 3 of the Dungeon.
             The game lasted 00:02:22 (1904 turns).

Newt the Trooper (Demonspawn Gladiator)             Turns: 1904, Time: 00:02:22

Health: -1/37      AC:  4    Str: 17    XL:     4   Next: 80%
Magic:  4/4        EV: 12    Int:  9    God:
Gold:   122        SH:  0    Dex: 14    Spells: 3/3 levels left

rFire   . . .      SeeInvis .    n - +3 dagger (venom)
rCold   . . .      Faith    .    (no shield)
rNeg    . . .      Spirit   .    k - +1 robe of the First Snow {rElec rPois}
rPois   +          Reflect  .    c - +0 helmet
rElec   +          Rampage  .    (no cloak)
rCorr   .                        (no gloves)
Will    .....                    (no boots)
Stlth   +                        (no amulet)
HPRegen 0.26/turn                (no ring)
MPRegen 0.09/turn                (no ring)

@: no status effects
A: powered by death 1, powered by pain 1
a: no special abilities


You were on level 3 of the Dungeon.
You visited 1 branch of the dungeon, and saw 3 of its levels.

You collected 122 gold pieces.

Inventory:

Hand Weapons
 a - a +0 rapier
 i - a +2 vampiric dagger
 n - a +3 dagger of venom (weapon)
Missiles
 d - 3 throwing nets
 e - a javelin
 j - 36 stones (quivered)
 p - 6 poisoned darts
Armour
 b - a +0 leather armour
 c - a +0 helmet (worn)
 k - the +1 robe of the First Snow (worn) {rElec rPois}
   (You found it on level 2 of the Dungeon)

   rElec:     It insulates you from electricity.
   rPois:     It protects you from poison.
Scrolls
 h - a scroll of vulnerability
 o - a scroll of poison
Potions
 f - a potion of ambrosia
 g - a potion of attraction
 l - 2 potions of flight
 m - a potion of haste


   Skills:
 - Level 4.0 Fighting
 + Level 3.9 Short Blades
 - Level 1.7 Throwing
 - Level 2.6 Dodging


You had 3 spell levels left.
You didn't know any spells.
Your spell library was empty.

Dungeon Overview and Level Annotations

Branches:
Dungeon (3/15)

Altars:
Qazlal


Innate Abilities, Weirdness & Mutations

You regenerate a little health from kills.
You sometimes gain a little power by taking damage.


Message History

No target in view!
No target in view!
No target in view!
No target in view!
No target in view!
No target in view!
An orc comes into view. It is wielding a +0 hand axe.
Found a dagger.
An orc is nearby!
An orc is nearby!
An orc is nearby!
Found 15 gold pieces.
An orc and an endoplasm come into view.
The orc shouts!
An orc priest comes into view. It is wielding a +0 morningstar.
The orc priest shouts!
The orc shouts!
You hear a shout!
You hear a bark!
An orc comes into view. It is wielding a +0 trident.
The endoplasm quivers.
You closely miss the orc. The orc misses you.
A jackal comes into view.
The jackal barks!
The orc priest hits you with a +0 morningstar.
The orc hits you with a +0 hand axe.
You closely miss the orc priest.
The orc hits you from afar with a +0 trident.
The orc hits you with a +0 dagger. The orc closely misses you.
The endoplasm closely misses you.
You closely miss the orc priest. You barely miss the orc priest.
The orc hits you from afar with a +0 trident.
The orc priest closely misses you. The orc closely misses you.
The orc hits you with a +0 hand axe. The endoplasm barely misses you.
You hit the orc priest.
The orc priest is moderately wounded.
The orc priest hits you with a +0 morningstar!
* * * LOW HITPOINT WARNING * * *
The orc hits you from afar with a +0 trident!
* * * LOW HITPOINT WARNING * * *
The orc misses you. The endoplasm hits you.
You die...

..# # ..# # ... ...# #
..... ...## #
......########..... #
#.................. #
#.)........oJ......
######..........@ho.....
................oo......
#.#.....................
..#.....................
###.....................
# #.#.........(.........
# #.##..................
#.......†.............
###..................


You could see an orc priest, 3 orcs, an endoplasm and a jackal.

Vanquished Creatures
  Robin (D:2)
  2 adders (D:2)
  2 worms (D:2)
  2 dart slugs (D:3)
  7 endoplasms
  4 giant cockroaches
  16 goblins
  12 hobgoblins
  3 jackals (D:2)
  A quokka (D:3)
  4 ball pythons
  7 bats (D:1)
  7 frilled lizards
  8 kobolds
  3 rats
79 creatures vanquished.

Vanquished Creatures (others)
  A fungus (D:1)
1 creature vanquished.

Grand Total: 80 creatures vanquished

Notes
Turn   | Place    | Note
-------+----------+-------------------------------------------
     0 | D:1      | Newt the Demonspawn Gladiator began the quest for the Orb.
     0 | D:1      | Reached XP level 1. HP: 16/16 MP: 1/1
    74 | D:1      | Gained mutation: You regenerate a little health from kills.
                  | [demonic ancestry]
    74 | D:1      | Reached XP level 2. HP: 17/23 MP: 2/2
   104 | D:1      | Reached skill level 3 in Fighting
   286 | D:1      | Found a faded altar of an unknown god.
   383 | D:1      | Reached XP level 3. HP: 26/29 MP: 3/3
   971 | D:2      | Reached skill level 4 in Fighting
   975 | D:2      | Identified the +1 robe of the First Snow {rElec rPois}
  1040 | D:2      | Noticed Robin
  1061 | D:2      | Killed Robin
  1062 | D:2      | Gained mutation: You sometimes gain a little power by
                  | taking damage. [demonic ancestry]
  1062 | D:2      | Reached XP level 4. HP: 26/37 MP: 4/4
  1458 | D:2      | Found a stormy altar of Qazlal.
  1904 | D:3      | Slain by an endoplasm

Illustrated notes

Levels and vault maps discovered:
D:1:      sevenhm_arrival_forest_fort_small_3, layout_basic,
          shapermc_ecumenical_altar_mp_urbaneastern, st_stairs_7
D:2:      layout_basic, basic_altar, uniq_robin
D:3:      layout_basic, nicolae_overflow_hidden_temple, serial_bayou_pond_b

Skill      XL: |  1  2  3 |
---------------+----------+-----
Fighting       | 3 4 |  4.0
Short Blades   | 3 |  3.9
Throwing       | |  1.7
Dodging        | |  2.6

Action                     |  1- 3 |  4- 6 || total
---------------------------+-------+-------++-------
  Melee: Rapier            |    50 |       ||    50
         Dagger            |    94 |    90 ||   184
         Punch             |     1 |       ||     1
    Use: Scroll            |     5 |     2 ||     7
         Potion            |       |     1 ||     1
   Stab: Sleeping          |     1 |       ||     1
 Armour: Leather armour    |    46 |       ||    46
         Robe              |     7 |    20 ||    27
  Dodge: Dodged            |    69 |    47 ||   116

Table legend: (Time is in decaauts)
 A = Elapsed time spent in this place.
 B = Non-inter-level travel time spent in this place.
 C = Inter-level travel time spent in this place.
 D = Time resting spent in this place.
 E = Time spent auto-exploring this place.
 F = Levels seen in this place.
 G = Mean time per level.
                   A        B        C        D        E       F      G
               +--------+--------+--------+--------+--------+-----+--------+
         Total |   1877 |   1833 |     44 |    136 |   1216 |   3 |  625.7 |
       Dungeon |   1877 |   1833 |     44 |    136 |   1216 |   3 |  625.7 |
               +--------+--------+--------+--------+--------+-----+--------+

Top non-repeatable levels by time:
     D:2: 966 daAuts
     D:1: 676 daAuts
     D:3: 234 daAuts
